 Dungeon Crawl Stone Soup version 0.25-a0-942-g87a53962fc (webtiles) character file.

Game seed: 9725402656186585147, levelgen mode: deterministic

2156 Baz the Firebug (level 9, -7/56 HPs)
             Began as an Octopode Fire Elementalist on May 6, 2020.
             Mangled by a killer bee (8 damage)
             ... on level 6 of the Dungeon.
             The game lasted 00:25:42 (8212 turns).

Baz the Firebug (Octopode Fire Elementalist)        Turns: 8212, Time: 00:25:43

Health: -7/56      AC:  1    Str:  7    XL:     9   Next: 31%
Magic:  11/16      EV: 16    Int: 29    God:
Gold:   378        SH:  0    Dex: 12    Spells: 2/17 levels left

rFire    + + .     SeeInvis .   (no weapon)
rCold    x x .     Gourm    .   (no shield)
rNeg     . . .     Faith    .   (helmet restricted)
rPois    .         Spirit   .   (no amulet)
rElec    .         Reflect  .   h - +3 ring of evasion
rCorr    .         Harm     .   p - ring of fire
MR       .....                  u - +4 ring of intelligence
Stlth    ++++......             s - +4 ring of intelligence
HPRegen  0.18/turn              D - ring of fire
MPRegen  0.15/turn              (no ring)
                                (no ring)
                                (no ring)

@: about to teleport
A: almost no armour, stealthy swim, amphibious, 8 rings, constrict 8, camouflage
1, gelatinous body 1
a: no special abilities


You were on level 6 of the Dungeon.
You were not hungry.

You visited 1 branch of the dungeon, and saw 6 of its levels.

You collected 378 gold pieces.

Inventory:

Missiles
 d - 3 curare-tipped darts
 j - 137 stones (quivered)
 k - 5 javelins
 o - 13 boomerangs
Jewellery
 h - a +3 ring of evasion (left tentacle)
 p - a ring of fire (right tentacle)
 s - a +4 ring of intelligence (on tentacle)
 u - a +4 ring of intelligence (on tentacle)
 D - a ring of fire (on tentacle)
Wands
 C - a wand of iceblast (10)
 E - a wand of flame (16)
Scrolls
 c - 2 scrolls of enchant weapon
 f - 2 scrolls of magic mapping
 g - a scroll of teleportation
 i - 6 scrolls of remove curse
 l - a scroll of immolation {unknown}
 m - 2 scrolls of enchant armour
 t - a scroll of noise {unknown}
 y - 3 scrolls of identify
 B - a scroll of random uselessness {unknown}
Potions
 a - a potion of resistance {unknown}
 e - 3 potions of curing
 n - 2 potions of stabbing {unknown}
 q - a potion of degeneration {unknown}
 r - 2 potions of heal wounds {unknown}
 v - 3 potions of invisibility {unknown}
 w - a potion of mutation {unknown}
 x - a potion of berserk rage {unknown}
 z - a potion of brilliance {unknown}
 A - a potion of lignification {unknown}
Comestibles
 b - 11 rations


   Skills:
 + Level 3.0 Fighting
 - Level 2.0 Dodging
 - Level 6.0 Stealth
 + Level 4.7 Spellcasting
 * Level 6.9 Conjurations
 + Level 0.0 Translocations
 + Level 7.6 Fire Magic


You had 2 spell levels left.
You knew the following spells:

 Your Spells              Type           Power        Failure   Level  Hunger
a - Foxfire               Conj/Fire      ####         1%          1    None
b - Conjure Flame         Conj/Fire      #######.     1%          3    #......
c - Sticky Flame          Conj/Fire      #######.     3%          4    ###....
d - Fireball              Conj/Fire      #######...   9%          5    #####..
e - Blink                 Tloc           N/A          10%         2    None

Your spell library contained the following spells:

 Spells                   Type           Power        Failure   Level  Hunger
 Magic Dart               Conj           ####         1%          1    None
 Call Imp                 Summ           #.......     10%         2    None
 Slow                     Hex            #.......     10%         2    None
 Inner Flame              Hex/Fire       ######..     4%          3    #......
 Mephitic Cloud           Conj/Pois/Air  ###.....     8%          3    #......


Dungeon Overview and Level Annotations

Branches:
Dungeon (6/15)
 Temple: D:4-7

Altars:
Ashenzari
Cheibriados
Okawaru
The Shining One

Shops:
D:5 (   D:6 *

Annotations:
D:2 Sigmund
D:3 Grinder
D:5 exclusion: centaur
D:6 Prince Ribbit


Innate Abilities, Weirdness & Mutations

You cannot wear most types of armour.
You are very stealthy in the water. (Stealth+)
You are amphibious.
You can wear up to eight rings at the same time.
You can use your tentacles to constrict eight enemies at once.
Your skin changes colour to match your surroundings (Stealth+).
Your rubbery body absorbs attacks. (AC +1, EV +1)


Message History

You feel strangely unstable.
You feel sick. The killer bee stings you! The killer bee misses you.
The killer bee stings you.
Unknown command.
You feel sick. The killer bee stings you. x2
* * * LOW HITPOINT WARNING * * *
The killer bee barely misses you. x2
Unknown command.
It was a potion of curing.
You feel better. The killer bee closely misses you.
The killer bee completely misses you. The killer bee stings you.
* * * LOW HITPOINT WARNING * * *
The killer bee closely misses you. x3
Casting: Blink (safe; 10% risk of failure)
Confirm with . or Enter, or press ? or * to list all spells.
You blink.
The killer bee stings you.
* * * LOW HITPOINT WARNING * * *
The killer bee misses you. The killer bee closely misses you.
The killer bee stings you!
* * * LOW HITPOINT WARNING * * *
The killer bee closely misses you. The killer bee stings you!
You die...

...............###
#.........##.....#
#.........##...###
..##..........###
..#.............##
..#............o.#
.................#
.................#
....[.........yy@#
........#'###..yy#
...##...#...#..ยง##
#.......#####...#
........[.......#
.......#####..###
....#..# ##.##
....#.## #..#
.....### ##.##


You could see 4 killer bees and an orc.

Vanquished Creatures
  5 humans
  Edmund (D:4)
  An ice beast (D:5)
  A black bear (D:6)
  A sky beast (D:5)
  A phantom (D:5)
  2 ogres
  A crocodile (D:5)
  2 bullfrogs (D:6)
  A scorpion (D:3)
  A howler monkey (D:5)
  A bullfrog zombie (D:3)
  4 hounds
  A centaur skeleton (D:5)
  A gnoll shaman (D:4)
  3 worker ants
  A hound skeleton (D:4)
  6 gnolls
  A howler monkey skeleton (D:6)
  8 adders
  An ooze (D:5)
  An adder zombie (D:5)
  An adder skeleton (D:4)
  3 worms
  A dart slug (D:4)
  3 leopard geckos
  4 orcs
  6 giant cockroaches
  6 goblins
  5 hobgoblins
  12 jackals
  2 quokkas
  A ball python (D:2)
  5 bats
  6 frilled lizards
  A jackal skeleton (D:4)
  4 kobolds
  A quokka skeleton (D:4)
  8 rats
114 creatures vanquished.

Vanquished Creatures (collateral kills)
  A frilled lizard (D:1)
1 creature vanquished.

Vanquished Creatures (others)
  423 foxfires
423 creatures vanquished.

Grand Total: 538 creatures vanquished

Notes
Turn   | Place    | Note
-------+----------+-------------------------------------------
     0 | D:1      | Baz the Octopode Fire Elementalist began the quest for the
                  | Orb.
     0 | D:1      | Reached XP level 1. HP: 11/11 MP: 3/3
   434 | D:1      | Reached XP level 2. HP: 17/17 MP: 1/5
  1240 | D:2      | Reached XP level 3. HP: 21/21 MP: 1/6
  1493 | D:2      | Learned a level 3 spell: Conjure Flame
  1552 | D:2      | Found a glowing golden altar of the Shining One.
  1770 | D:2      | Noticed Sigmund
  2001 | D:3      | Reached XP level 4. HP: 27/27 MP: 4/7
  2284 | D:3      | Learned a level 4 spell: Sticky Flame
  2305 | D:3      | Reached skill level 4 in Fire Magic
  2355 | D:3      | Noticed Grinder
  2520 | D:3      | Reached XP level 5. HP: 31/31 MP: 2/8
  2860 | D:3      | Found a snail-covered altar of Cheibriados.
  3105 | D:3      | Found a faded altar of an unknown god.
  3653 | D:4      | Noticed Edmund
  3868 | D:4      | Killed Edmund
  3868 | D:4      | Reached XP level 6. HP: 36/36 MP: 0/10
  4304 | D:4      | Found a shattered altar of Ashenzari.
  4658 | D:4      | Reached skill level 5 in Fire Magic
  4716 | D:4      | Reached skill level 5 in Stealth
  4716 | D:4      | Reached XP level 7. HP: 41/41 MP: 7/11
  5876 | D:5      | Entered Level 5 of the Dungeon
  6490 | D:5      | Found an iron altar of Okawaru.
  6744 | D:5      | Reached skill level 6 in Fire Magic
  6744 | D:5      | Reached XP level 8. HP: 40/46 MP: 8/13
  6798 | D:5      | Learned a level 5 spell: Fireball
  6808 | D:5      | Reached skill level 5 in Conjurations
  6841 | D:5      | Found Taxozus's Weapon Boutique.
  7257 | D:6      | Reached skill level 1 in Fighting
  7361 | D:6      | Found Appo's General Store.
  7422 | D:6      | Noticed Prince Ribbit
  7789 | D:6      | Reached skill level 7 in Fire Magic
  7789 | D:6      | Reached XP level 9. HP: 46/55 MP: 8/15
  8163 | D:5      | Learned a level 2 spell: Blink
  8212 | D:6      | HP: 1/56 [killer bee (9)]
  8212 | D:6      | Mangled by a killer bee

Levels and vault maps discovered:
D:1:      elethiomel_arrival_shortcut, layout_rooms, kennysheep_pointless_box,
          minmay_misc_feat_nine_boxes
D:2:      layout_loops_cross, lemuel_coloured_pillars_altar,
          minmay_rat_gold_closets, uniq_sigmund
D:3:      layout_basic, marbit_many_paths, serial_forest,
          infiniplex_forest_end_1, infiniplex_forest_zigzag_1,
          infiniplex_forest_lined_2, infiniplex_forest_clump_cross,
          infiniplex_forest_straight_2, infiniplex_forest_pool,
          infiniplex_forest_pool, infiniplex_forest_lined_1,
          infiniplex_forest_side_room, chequers_ecumenical_altar_lobes,
          minmay_misc_feat_tiny, uniq_grinder
D:4:      minmay_angry_zag, layout_cave_pods, nicolae_ashenzari_panopticon,
          first_ration, uniq_edmund
D:5:      layout_cave_pods, kennysheep_little_box, serial_shops, shop
D:6:      layout_cave_pools, kennysheep_mini, serial_shops,
          nicolae_shop_behind_doors, minmay_ruffians, uniq_prince_ribbit1

Skill      XL: |  1  2  3  4  5  6  7  8  9 |
---------------+----------------------------+-----
Stealth        | 3 4 5 6 |  6.0
Conjurations   | 2 3 4 6 |  6.9
Fire Magic     | 4 5 6 7 |  7.6
Spellcasting   | 3 4 |  4.7
Fighting       | 2 3 |  3.0
Dodging        | |  2.0

Action                   |  1- 3 |  4- 6 |  7- 9 || total
-------------------------+-------+-------+-------++-------
Melee: Unarmed           |    12 |     3 |    17 ||    32
       Constrict         |     3 |       |     5 ||     8
       Tentacles         |     1 |     1 |     3 ||     5
 Cast: Foxfire           |    65 |    80 |   114 ||   259
       Conjure Flame     |       |     3 |    12 ||    15
       Sticky Flame      |       |     1 |     5 ||     6
       Blink             |       |       |     3 ||     3
  Use: Scroll            |       |     5 |     2 ||     7
       Potion            |       |       |     1 ||     1
 Stab: Sleeping          |       |       |     1 ||     1
  Eat: Chunk             |     4 |     6 |    11 ||    21
       Ration            |       |     1 |       ||     1
Armor: Skin              |     2 |       |       ||     2
Dodge: Dodged            |    37 |    45 |    50 ||   132

Table legend:
 A = Non-vault XP
 B = Vault XP
 C = Vault XP percentage of total XP
 D = Non-vault monster count
 E = Vault monster count
 F = Vault count percentage of total count
                 A         B        C        D         E       F
            +---------+---------+-------+---------+---------+-------
      Total |    1892 |    1189 |  38.6 |     104 |      11 |   9.6
            +---------+---------+-------+---------+---------+-------
        D:1 |      38 |       0 |   0.0 |      22 |       0 |   0.0
        D:2 |      32 |       0 |   0.0 |      18 |       0 |   0.0
        D:3 |     202 |       3 |   1.5 |      22 |       1 |   4.3
        D:4 |     291 |     231 |  44.3 |      19 |       5 |  20.8
        D:5 |     823 |     392 |  32.3 |      14 |       2 |  12.5
        D:6 |     506 |     563 |  52.7 |       9 |       3 |  25.0
            +---------+---------+-------+---------+---------+-------
